 Dungeon Crawl Stone Soup version 0.17-a0-1337-ge651487 (webtiles) character file.

231 Sommunist the Ruffian (level 5, -3/47 HPs)
             Began as a Minotaur Monk on June 11, 2015.
             Killed by divine providence
             ... invoked by an orc priest
              (13 damage)
             ... on level 4 of the Dungeon.
             The game lasted 00:08:21 (2524 turns).

Sommunist the Ruffian (Minotaur Monk)               Turns: 2524, Time: 00:08:21

Health: -3/47      AC:  3    Str: 15    XL:     5   Next: 73%
Magic:  4/4        EV: 13    Int:  7    God:
Gold:   178        SH:  0    Dex: 14    Spells: 0 memorised, 4 levels left

rFire  . . .     SeeInvis .       - Unarmed
rCold  . . .     Clarity  .     g - +0 leather armour
rNeg   . . .     SustAt   .     (no shield)
rPois  .         Gourm    .     (helmet restricted)
rElec  .         Spirit   .     (no cloak)
rCorr  .         Warding  .     (no gloves)
rMut   .         Stasis   .     (no boots)
MR     .....                    (no amulet)
Stlth  ++........               (no ring)
                                (no ring)

@: not resistant to hostile enchantments, unstealthy
A: retaliatory headbutt, horns 2
a: no special abilities


You were on level 4 of the Dungeon.
You were not hungry.

You visited 1 branch of the dungeon, and saw 4 of its levels.

You collected 178 gold pieces.

Inventory:

Missiles
 c - 139 stones (quivered)
Armour
 g - a +0 leather armour (worn)
Scrolls
 a - a scroll of random uselessness {unknown}
 d - 2 scrolls of fear {unknown}
 e - 2 scrolls of identify {unknown}
 i - a scroll of blinking {unknown}
 l - a scroll of fog {unknown}
 n - 4 scrolls of remove curse {unknown}
 o - 5 scrolls of magic mapping {unknown}
 q - a scroll of teleportation {unknown}
Potions
 f - 4 potions of brilliance {unknown}
 h - 2 potions of curing {unknown}
 j - a potion of haste {unknown}
 k - a potion of agility
 p - a potion of might {unknown}
 r - a potion of mutation {unknown}
 u - a potion of heal wounds {unknown}
Comestibles
 b - 4 bread rations
 m - 5 chunks of flesh
 s - a meat ration
 t - 2 fruits


   Skills:
 + Level 4.7 Fighting
 + Level 2.8 Armour
 + Level 4.4 Dodging
 - Level 1.5 Stealth
 * Level 5.7 Unarmed Combat


You had 4 spell levels left.
You didn't know any spells.

Dungeon Overview and Level Annotations

Branches:
Dungeon (4/15)
 Temple: D:4-7

Altars:
Ru
Yredelemnul

Shops:
D:4 (


Innate Abilities, Weirdness & Mutations

You reflexively headbutt those who attack you in melee.
You have a pair of horns on your head.


Message History

The poisoned needle completely misses you.
You see here a poisoned needle.
There is an open door here.
There is an open door here.
The orc priest invokes the aid of Beogh against you.
Something smites you!
* * * LOW HITPOINT WARNING * * *
The orc priest becomes somewhat translucent.
Unknown command.
Unknown command.
Unknown command.
You punch the orc!
You kill the orc!
You see here a leather armour.
There is a stone staircase leading down here.
The orc priest calls down the wrath of Beogh upon you.
You barely resist.
The orc priest calls down the wrath of Beogh upon you.
Something smites you!
You die...

#.#.#K# #.#o#o#
#.#K#.# #.#.#.#
#.#.#.#
############.#.#.#
.........Ko.[.>#.#
################.#
#@# #.# #.# #.#
#.# #.# # #.# #
#.# #.#


You could see an orc priest.

Vanquished Creatures
  A scorpion (D:4)
  An orc wizard (D:4)
  8 adders
  2 worms (D:2)
  4 giant geckos
  8 orcs
  A ball python (D:2)
  10 bats
  9 goblins
  5 hobgoblins
  4 jackals (D:3)
  A quokka (D:3)
  2 giant cockroaches
  2 giant newts
  A goblin zombie (D:3)
  A jackal skeleton (D:4)
  7 kobolds
  6 rats
73 creatures vanquished.

Vanquished Creatures (others)
  A bat (D:3)
1 creature vanquished.

Grand Total: 74 creatures vanquished

Notes
Turn   | Place    | Note
--------------------------------------------------------------
     0 | D:1      | Sommunist the Minotaur Monk began the quest for the Orb.
     0 | D:1      | Reached XP level 1. HP: 19/19 MP: 0/0
   134 | D:1      | Reached skill level 1 in Armour
   148 | D:1      | Reached XP level 2. HP: 24/27 MP: 1/1
   704 | D:2      | Found a sacrificial altar of Ru.
   794 | D:2      | Reached XP level 3. HP: 30/33 MP: 2/2
  1474 | D:2      | Reached XP level 4. HP: 40/40 MP: 3/3
  1508 | D:2      | Reached skill level 5 in Unarmed Combat
  1877 | D:3      | Found a runed door.
  1877 | D:3      | Noticed a human
  1883 | D:3      | Found a basalt altar of Yredelemnul.
  2323 | D:4      | Reached XP level 5. HP: 42/47 MP: 4/4
  2356 | D:4      | Found Monuti's Weapon Shop.
  2405 | D:4      | Noticed a phantom
  2474 | D:4      | HP: 2/47 [orc priest/divine providence (9)]
  2524 | D:4      | Killed from afar by an orc priest

Vault maps used:
D:1:      dpeg_arrival_lava_temple_mockup
D:2:      hangedman_ru_absence, first_bread, amethyst_killhole
D:3:      dk_yredelemnul_ordeal
D:4:      serial_shops, shop_statue

Action                   |  1- 3 |  4- 6 || total
-------------------------+-------+-------++-------
Melee: Unarmed           |    80 |    90 ||   170
Throw: Stone             |       |     1 ||     1
 Stab: Sleeping          |     5 |       ||     5
  Eat: Chunk             |     2 |     3 ||     5
